 Dungeon Crawl Stone Soup version 0.28-a0-194-g42b4daccc1 (webtiles) character file.

Game seed: 5855909159485021945

735 bande the Chopper (level 7, 0/44 HPs)
             Began as a Gargoyle Fighter on Aug 18, 2021.
             Slain by an ogre (25 damage)
             ... on level 4 of the Dungeon.
             The game lasted 00:06:25 (3228 turns).

bande the Chopper (Gargoyle Fighter)                Turns: 3228, Time: 00:06:26

Health: 0/44       AC: 16    Str: 20    XL:     7   Next: 74%
Magic:  7/7        EV:  5    Int:  9    God:
Gold:   214        SH:  9    Dex: 13    Spells: 6/6 levels left

rFire   + . .      SeeInvis .   e - +9 broad axe of Ralyur Lohe {vorpal, *Corrode rF+ Will+ Dex+3}
rCold   . . .      Faith    .   c - +0 kite shield
rNeg    + + .      Spirit   .   f - +0 chain mail
rPois   ∞          Reflect  .   t - +2 hat
rElec   +          Harm     .   (no cloak)
rCorr   +          Rampage  .   (no gloves)
Will    +....                   (no boots)
Stlth   ..........              (no amulet)
HPRegen 0.14/turn               l - ring of positive energy
MPRegen 0.10/turn               h - ring of resist corrosion

@: no status effects
A: sickness immunity, AC +4, negative energy resistance 1, electricity
resistance, torment resistance 1, petrification resistance
a: no special abilities


You were on level 4 of the Dungeon.
You visited 1 branch of the dungeon, and saw 4 of its levels.

You collected 214 gold pieces.

Inventory:

Hand Weapons
 a - a +1 war axe
 e - the +9 broad axe of Ralyur Lohe (weapon) {vorpal, *Corrode rF+ Will+ Dex+3}
   (You acquired it on level 3 of the Dungeon)

   It inflicts extra damage upon your enemies.
   Dex:       It affects your dexterity (+3).
   rF:        It protects you from fire.
   *Corrode:  It may corrode you when you take damage.
   Will:      It increases your willpower.
 n - a +1 hand axe of freezing
Missiles
 b - 2 throwing nets (quivered)
Armour
 c - a +0 kite shield (worn)
 f - a +0 chain mail (worn)
 t - a +2 hat (worn)
Jewellery
 h - a ring of resist corrosion (right hand)
 l - a ring of positive energy (left hand)
Wands
 r - a wand of flame (24)
Scrolls
 g - a scroll of teleportation
 j - a scroll of identify
 m - a scroll of enchant weapon
 q - a scroll of fear
 s - a scroll of fog
Potions
 d - a potion of might
 i - 4 potions of curing
 k - 4 potions of ambrosia
 o - a potion of magic
 p - a potion of resistance


   Skills:
 + Level 4.7 Fighting
 + Level 5.5 Axes
 + Level 4.6 Armour
 + Level 0.7 Dodging
 - Level 0.1 Stealth
 + Level 4.4 Shields
 * Level 1.9 Evocations


You had 6 spell levels left.
You didn't know any spells.
Your spell library contained the following spells:

 Spells                   Type           Power      Damage    Failure   Level
 Call Canine Familiar     Summ           0%         N/A       100%        3
 Portal Projectile        Hex/Tloc       0%         N/A       100%        3
 Leda's Liquefaction      Hex/Erth       0%         N/A       100%        4


Dungeon Overview and Level Annotations

Branches:
Dungeon (4/15)
 Temple: D:4-7

Altars:

Annotations:
D:4 2 runed translucent doors, Thraspic's ghost, amateur SpBr


Innate Abilities, Weirdness & Mutations

You are immune to sickness and miasma.
Your stone body is resilient. (AC +4)
You are immune to poison.
You resist negative energy. (rN+)
You are resistant to electric shocks. (rElec)
You are resistant to unholy torment.
You are immune to petrification.


Message History

You hit the lemure. x2; Pikel hits you but does no damage.
You block the lemure's attack. The lemure hits you but does no damage.
Pikel hits you with a +1 whip of electrocution!
The lemure hits you but does no damage. You block the lemure's attack.
Unknown command.
You slash Pikel!
You kill Pikel!
You slash the lemure!
You kill the lemure!
That felt strangely unrewarding.
You slash the lemure!
With Pikel's spell broken, his former minions thank you for their freedom.
The lemure departs this earthly plane. x3
Your Axes skill increases to level 5!
Your Evocations skill increases to level 1!
You have reached level 7!
You start resting.
HP restored.
Things that are here:
a +1 whip of electrocution; a +0 robe
Things that are here:
a +0 whip; a stone; a kobold corpse
s - a scroll of fog A hobgoblin comes into view.
The hobgoblin shouts!
An ogre comes into view. It is wielding a +0 giant club.
You see here a +2 hat.
t - a +2 hat The ogre shouts!
You start putting on your armour.
You continue putting on your +2 hat. x4
The hobgoblin hits you.
You finish putting on your +2 hat.
You barely miss the hobgoblin. You slash the ogre! The hobgoblin hits you.
The ogre hits you with a +0 giant club! You block the hobgoblin's attack.
Unknown command.
You slash the hobgoblin!
You kill the hobgoblin!
You slash the ogre!
The ogre hits you with a +0 giant club!!
Ouch! That really hurt!
You die...

##################
#................# .
#................# ...
#.O.##...##......#
....#.†@##...##......#
....'........##.....##
...##...##...##.....##
. #...##)..........#
#....#.)..........#
.'....##...##.....##
...#....##...#########
...##............)...#
## #...##...........#


You could see an ogre.

Vanquished Creatures
  Pikel (D:4)
  A lemure (D:4)
  A bullfrog skeleton (D:3)
  An orc priest (D:3)
  Natasha (thrice) (D:4)
  3 gnolls (D:4)
  3 adders
  2 adder skeletons (D:4)
  A worm (D:2)
  2 dart slugs (D:1)
  12 orcs
  A bat (D:1)
  5 endoplasms
  4 giant cockroaches
  9 goblins
  9 hobgoblins
  3 jackals (D:2)
  3 quokkas
  8 ball pythons
  5 frilled lizards
  7 kobolds
  2 rats
86 creatures vanquished.

Notes
Turn   | Place    | Note
-------+----------+-------------------------------------------
     0 | D:1      | bande the Gargoyle Fighter began the quest for the Orb.
     0 | D:1      | Reached XP level 1. HP: 14/14 MP: 1/1
   260 | D:1      | Reached XP level 2. HP: 19/19 MP: 2/2
   342 | D:1      | Reached skill level 2 in Axes
   679 | D:2      | Reached XP level 3. HP: 22/23 MP: 3/3
  1618 | D:2      | Reached XP level 4. HP: 23/29 MP: 4/4
  1901 | D:3      | Identified a scroll of acquirement
  1901 | D:3      | Acquired the +9 broad axe of Ralyur Lohe {vorpal, *Corrode
                  | rF+ Will+ Dex+3}
  1929 | D:3      | Reached skill level 3 in Axes
  1933 | D:3      | Reached XP level 5. HP: 31/33 MP: 5/5
  2547 | D:4      | Found a runed translucent door.
  2554 | D:4      | Noticed Natasha
  2558 | D:4      | Killed Natasha
  2684 | D:4      | Reached skill level 4 in Axes
  2689 | D:4      | Reached XP level 6. HP: 31/38 MP: 6/6
  2701 | D:4      | Noticed Natasha
  2703 | D:4      | Found a runed translucent door.
  2703 | D:4      | Noticed Thraspic's ghost (amateur SpBr)
  2708 | D:4      | Killed Natasha
  2955 | D:4      | Noticed Natasha
  2963 | D:4      | Killed Natasha
  3029 | D:4      | Noticed Pikel
  3042 | D:4      | Killed Pikel
  3043 | D:4      | Reached skill level 5 in Axes
  3043 | D:4      | Reached skill level 1 in Evocations
  3043 | D:4      | Reached XP level 7. HP: 22/44 MP: 7/7
  3228 | D:4      | Slain by an ogre

Illustrated notes

Levels and vault maps discovered:
D:1:      wander_arrival_peaceful_grave, layout_rooms, roderic_serpentine_path,
          minmay_misc_feat_five, minmay_pentomino_x2
D:2:      layout_basic, kennysheep_generic_room_6
D:3:      layout_loops_ring
D:4:      layout_gridville, ebering_ghost_sewer_f, uniq_natasha, uniq_pikel

Skill      XL: |  1  2  3  4  5  6 |
---------------+-------------------+-----
Axes           | 2 3 4 5 |  5.5
Armour         | 4 |  4.6
Fighting       | 4 |  4.7
Shields        | 4 |  4.4
Evocations     | 1 |  1.9
Dodging        | |  0.7
Stealth        | |  0.1

Action                   |  1- 3 |  4- 6 |  7- 9 || total
-------------------------+-------+-------+-------++-------
Melee: War axe           |   112 |    17 |       ||   129
       Broad axe         |       |    67 |     2 ||    69
       Hand axe          |       |     9 |       ||     9
  Use: Scroll            |       |    13 |       ||    13
       Potion            |       |     4 |       ||     4
Armor: Scale mail        |    88 |    28 |       ||   116
       Chain mail        |       |    36 |       ||    36
Dodge: Dodged            |    51 |    25 |       ||    76
Block: Kite shield       |    57 |    48 |     1 ||   106

Table legend: (Time is in decaauts)
 A = Elapsed time spent in this place.
 B = Non-inter-level travel time spent in this place.
 C = Inter-level travel time spent in this place.
 D = Time resting spent in this place.
 E = Time spent auto-exploring this place.
 F = Levels seen in this place.
 G = Mean time per level.
                   A        B        C        D        E       F      G
               +--------+--------+--------+--------+--------+-----+--------+
         Total |   3353 |   3304 |     49 |    724 |   1950 |   4 |  838.2 |
       Dungeon |   3353 |   3304 |     49 |    724 |   1950 |   4 |  838.2 |
               +--------+--------+--------+--------+--------+-----+--------+

Top non-repeatable levels by time:
     D:1: 925 daAuts
     D:3: 875 daAuts
     D:2: 838 daAuts
     D:4: 714 daAuts
